 Dungeon Crawl Stone Soup version 0.21.0-3-g78d12a8 (webtiles) character file.

56 Monsterracer the Ducker (level 3, -3/29 HPs)
             Began as a Merfolk Air Elementalist on Jan 9, 2018.
             Slain by Terence
             ... wielding a +1 mace of crushing
              (5 damage)
             ... on level 2 of the Dungeon.
             The game lasted 00:04:30 (2094 turns).

Monsterracer the Ducker (Merfolk Air Elementalist)  Turns: 2094, Time: 00:04:31

Health: -3/29      AC:  2    Str:  9    XL:     3   Next: 97%
Magic:  0/6        EV: 14    Int: 14    God:
Gold:   56         SH:  0    Dex: 14    Spells: 5/6 levels left

rFire    . . .     SeeInvis .   a - +0 dagger
rCold    + . .     Gourm    .   (no shield)
rNeg     . . .     Faith    .   g - +0 robe
rPois    .         Spirit   .   (no helmet)
rElec    .         Reflect  .   (no cloak)
rCorr    .         Harm     .   (no gloves)
MR       .....                  (no boots)
Stlth    ++........             (no amulet)
HPRegen  0.09/turn              o - ring of protection from cold {!d}
MPRegen  0.10/turn              (no ring)

@: very slightly contaminated
A: change form in water, swift swim, stealthy swim
a: no special abilities


You were on level 2 of the Dungeon.
You were hungry.

You visited 1 branch of the dungeon, and saw 2 of its levels.

You collected 56 gold pieces.

Inventory:

Hand Weapons
 a - a +0 dagger (weapon)
 b - a +0 hunting sling
Missiles
 h - 49 stones (quivered)
Armour
 g - a +0 robe (worn)
 n - a +0 ring mail
Jewellery
 o - a ring of protection from cold (left hand) {!d}
Scrolls
 d - 2 scrolls of remove curse {unknown}
 e - 2 scrolls of teleportation {unknown}
Potions
 k - 2 potions of lignification
Books
 f - a book of Air

   Spells                             Type                      Level
   a - Shock                          Conjuration/Air              1
   b - Swiftness                      Charms/Air                   2
   c - Static Discharge               Conjuration/Air              3
   d - Airstrike                      Air                          4
   e - Lightning Bolt                 Conjuration/Air              5
Comestibles
 c - 4 rations


   Skills:
 * Level 3.0 Fighting
 + Level 3.8 Dodging
 - Level 2.1 Stealth
 - Level 2.0 Spellcasting
 - Level 0.7 Conjurations
 - Level 2.4 Air Magic


You had 5 spell levels left.
You knew the following spells:

 Your Spells              Type           Power        Failure   Level  Hunger
a - Shock                 Conj/Air       #...         13%         1    ##.....


Dungeon Overview and Level Annotations

Branches:
Dungeon (2/15)

Altars:

Annotations:
D:2 Terence


Message History

Terence is moderately wounded.
Terence completely misses you.
You now have 4/6 mp.
Casting: Shock
Confirm with . or Enter, or press ? or * to list all spells.
Aiming: Shock
Press: ? - help, Shift-Dir - straight line The zap hits Terence.
Terence appears unharmed.
Terence is moderately wounded.
The zap hits Terence.
Terence is moderately wounded.
Terence hits you with a mace of crushing.
You take 3 damage, and have 19/29 hp.
You now have 3/6 mp.
Casting: Shock
Confirm with . or Enter, or press ? or * to list all spells.
Aiming: Shock
Press: ? - help, Shift-Dir - straight line You miscast Shock.
You are very lightly contaminated with residual magic.
Nothing appears to happen.
Terence hits you with a mace of crushing!
* * * LOW HITPOINT WARNING * * *
* * * LOW HITPOINT WARNING * * *
You take 10 damage, and have 9/29 hp.
MASSIVE DAMAGE!!
Casting: Shock
Confirm with . or Enter, or press ? or * to list all spells.
Aiming: Shock
Press: ? - help, Shift-Dir - straight line You miscast Shock.
Nothing appears to happen.
You are feeling hungry.
Terence completely misses you.
You now have 2/6 mp.
Casting: Shock
Confirm with . or Enter, or press ? or * to list all spells.
Aiming: Shock
Press: ? - help, Shift-Dir - straight line The zap hits Terence.
Terence is heavily wounded.
The zap misses Terence.
You now have 1/6 mp.
Casting: Shock
Confirm with . or Enter, or press ? or * to list all spells.
Aiming: Shock
Press: ? - help, Shift-Dir - straight line The zap hits Terence.
Terence appears unharmed.
Terence is heavily wounded.
The zap misses Terence.
Terence says, "Time to say good-bye..."
Terence hits you with a mace of crushing.
* * * LOW HITPOINT WARNING * * *
* * * LOW HITPOINT WARNING * * *
You take 7 damage, and have 2/29 hp.
MASSIVE DAMAGE!!
You now have 0/6 mp.
Throwing (i - inventory. (,) - cycle):
h - 49 stones (quivered)
Press: ? - help, Shift-Dir - straight line
Okay, then.
Fire/throw which item? (* to show all) (? for menu, Esc to quit)
Press: ? - help, Shift-Dir - straight line, f - Terence
Aim: Terence, wielding a mace of crushing and wearing a scale mail (heavily wounded)
You throw a throwing net. The throwing net hits Terence.
Terence is caught in the net!
Terence is heavily wounded.
Terence struggles against the net.
You hit Terence but do no damage.
Terence is heavily wounded.
Terence struggles against the net.
You hit Terence but do no damage.
Terence is heavily wounded.
Terence struggles against the net.
You catch the helpless Terence completely off-guard!
You hit Terence.
Terence is heavily wounded.
Terence struggles against the net.
You hit Terence.
Terence is severely wounded.
Terence struggles against the net.
You hit Terence but do no damage.
Terence is severely wounded.
Terence struggles against the net.
The net rips apart, and Terence comes free!
Casting: Shock
Confirm with . or Enter, or press ? or * to list all spells.
Aiming: Shock
Press: ? - help, Shift-Dir - straight line, p - Terence You miscast Shock.
Nothing appears to happen.
Terence hits you with a mace of crushing.
* * * LOW HITPOINT WARNING * * *
* * * LOW HITPOINT WARNING * * *
You take 2 damage, and have 1/29 hp.
You now have 0/6 mp.
Found a stone staircase leading up.
Terence screams, "I'm going to kill you!"
Casting: Shock
Confirm with . or Enter, or press ? or * to list all spells.
Aiming: Shock
Press: ? - help, Shift-Dir - straight line The zap hits Terence.
Terence appears unharmed.
Terence is severely wounded.
The zap hits Terence.
Terence is severely wounded.
Terence hits you with a mace of crushing.
You die...

#.....>.......##.#.#
#....#.##.#.#...<#.#
.......#.#....####.#.#
........#...........#.####
........#....#..###.#....###
.###....#............###.#..
.....#...(....###.###.#.#
####.....####.## #.#...#)#
#.@....# #.#.###.#
#@#########.#.....#
#<..........#######
#.########### #.. ###


You could see Terence.

Vanquished Creatures
  2 adders (D:1)
  An ooze (D:1)
  4 dart slugs
  A leopard gecko (D:1)
  5 bats
  A giant cockroach (D:1)
  A goblin (D:1)
  4 hobgoblins
  2 jackals (D:2)
  A frilled lizard (D:1)
  3 kobolds
25 creatures vanquished.

Notes
Turn   | Place    | Note
-------+----------+-------------------------------------------
     0 | D:1      | Monsterracer the Merfolk Air Elementalist began the quest for the Orb.
     0 | D:1      | Reached XP level 1. HP: 13/13 MP: 3/3
    84 | D:1      | Reached skill level 1 in Fighting
   159 | D:1      | Reached XP level 2. HP: 21/21 MP: 5/5
   727 | D:1      | Reached XP level 3. HP: 18/27 MP: 1/6
  1123 | D:2      | Noticed Terence
  1148 | D:1      | HP: 14/28 [poisoned by an adder]
  1153 | D:1      | HP: 12/28 [poisoned by an adder]
  1158 | D:1      | HP: 11/28 [poisoned by an adder]
  1166 | D:1      | HP: 10/28 [poisoned by an adder]
  1924 | D:1      | HP: 14/28 [adder (5)]
  1928 | D:1      | HP: 5/28 [adder (3)]
  1933 | D:1      | HP: 5/42 [poisoned by an adder]
  1933 | D:1      | HP: 2/42 [adder (3)]
  2070 | D:2      | HP: 12/29 [Terence/mace of crushing (7)]
  2073 | D:2      | HP: 4/29 [Terence/mace of crushing (5)]
  2083 | D:2      | HP: 2/29 [Terence/mace of crushing (1)]
  2094 | D:2      | Slain by Terence

Skill      XL: |  1  2  3 |
---------------+----------+-----
Fighting       | 1 2 3 |  3.0
Dodging        | 3 |  3.8
Stealth        | |  2.1
Spellcasting   | |  2.0
Conjurations   | |  0.7
Air Magic      | |  2.4

Action                   || total
-------------------------++-------
Melee: Dagger            ||    71
       Unarmed           ||     3
 Fire: Hunting sling     ||    47
Throw: Throwing net      ||     1
 Cast: Shock             ||    38
  Use: Potion            ||     4
 Stab: Sleeping          ||     2
       Held in net/web   ||     1
  Eat: Chunk             ||     4
Armor: Robe              ||    20
       Skin              ||     7
Dodge: Dodged            ||   110

Vault maps used:
D:1:      dpeg_arrival_rhombi, solitary_fountain
D:2:      uniq_terence
